 Dungeon Crawl Stone Soup version 0.28-a0-1152-g9c71ebef14 (webtiles) character file.

Game seed: 16165691052898934574

244 karkarkar the Chopper (level 6, -1/48 HPs)
             Began as a Formicid Fighter on Dec 14, 2021.
             Slain by a gnoll (5 damage)
             ... on level 3 of the Dungeon.
             The game lasted 00:06:22 (2150 turns).

karkarkar the Chopper (Formicid Fighter)            Turns: 2150, Time: 00:06:23

Health: -1/48      AC:  9    Str: 23    XL:     6   Next: 32%
Magic:  6/6        EV: 10    Int:  7    God:
Gold:   92         SH:  4    Dex: 10    Spells: 5/5 levels left

rFire   . . .      SeeInvis +   a - +0 war axe
rCold   . . .      Faith    .   c - +0 buckler
rNeg    . . .      Spirit   .   b - +0 scale mail
rPois   .          Reflect  .   (helmet unavailable)
rElec   .          Harm     .   (no cloak)
rCorr   .          Rampage  +   (no gloves)
Will    .....                   f - +1 pair of boots {rampage}
Stlth   ..........              (no amulet)
HPRegen 0.16/turn               (no ring)
MPRegen 0.10/turn               (no ring)

@: no status effects
A: permanent stasis, dig shafts and tunnels, antennae 3, four strong arms
a: Dig, Shaft Self


You were on level 3 of the Dungeon.
You visited 1 branch of the dungeon, and saw 3 of its levels.

You collected 92 gold pieces.

Inventory:

Hand Weapons
 a - a +0 war axe (weapon)
Missiles
 h - 19 poisoned darts
Armour
 b - a +0 scale mail (worn)
 c - a +0 buckler (worn)
 f - a +1 pair of boots of rampaging (worn)
Wands
 d - a wand of mindburst (34)
Potions
 e - a potion of lignification {unknown}
 g - a potion of attraction {unknown}


   Skills:
 + Level 3.9 Fighting
 * Level 5.1 Axes
 - Level 4.1 Armour
 - Level 0.4 Dodging
 - Level 0.9 Stealth
 - Level 3.6 Shields


You had 5 spell levels left.
You didn't know any spells.
Your spell library was empty.

Dungeon Overview and Level Annotations

Branches:
Dungeon (3/15)

Altars:


Innate Abilities, Weirdness & Mutations

You cannot be hasted, slowed, berserked, paralysed or teleported.
You can dig through walls and to a lower floor.
You have a pair of large antennae on your head. (SInv)
Your four strong arms can wield two-handed weapons with a shield.


Message History

You closely miss the gnoll.
The gnoll is severely wounded.
The gnoll hits you with a +0 club.
The gnoll hits you from afar with a +0 halberd.
The gnoll hits you but does no damage. The gnoll closely misses you.
You slash the gnoll!
You kill the gnoll!
The gnoll hits you from afar with a +0 halberd!
You slash the gnoll!
The gnoll is severely wounded.
The gnoll hits you with a +0 flail. The gnoll closely misses you.
You hit the gnoll but do no damage.
The gnoll is severely wounded.
The gnoll barely misses you. The gnoll misses you.
The gnoll hits you with a +0 flail!
* * * LOW HITPOINT WARNING * * *
You closely miss the gnoll.
The gnoll is severely wounded.
The gnoll barely misses you. x2
The gnoll hits you from afar with a +0 halberd!
* * * LOW HITPOINT WARNING * * *
You completely miss the gnoll.
The gnoll is severely wounded.
The gnoll hits you but does no damage. The gnoll closely misses you.
You are too injured to fight recklessly!
Non-targeted abil: Dig
Press: ? - help, Q - select action, (/) - cycle Dir - look around, f - activate You extend your mandibles.
You dig through the rock wall.
You retract your mandibles.
Non-targeted abil: Dig
Press: ? - help, Q - select action, (/) - cycle Dir - look around, f - activate You extend your mandibles.
You dig through the rock wall.
You dig through the rock wall.
The gnoll closely misses you.
You dig through the rock wall.
You retract your mandibles.
There is an escape hatch in the ceiling here.
The gnoll hits you with a +0 flail.
You die...

...<. . .#..#.### ..
........# ######### ..
..#.....# ##...#...## .
.>......# ##.........## #
.# #.....###.@.....)...#
##.###.........g.........#
#..............g........<.#
..#.........##.#.........##
.##.........#.###...#...##
..#...#......## #########
......#.......#####
......####.##.....#######
......)...#######.##....#


You could see 2 gnolls.

Vanquished Creatures
  Sigmund (D:2)
  2 gnolls (D:3)
  An adder (D:2)
  2 worms (D:2)
  2 dart slugs (D:1)
  5 bats
  An endoplasm (D:1)
  4 giant cockroaches
  4 goblins
  3 hobgoblins
  2 jackals (D:1)
  2 quokkas
  5 ball pythons
  3 frilled lizards
  6 kobolds
  5 rats
48 creatures vanquished.

Notes
Turn   | Place    | Note
-------+----------+-------------------------------------------
     0 | D:1      | karkarkar the Formicid Fighter began the quest for the Orb.
     0 | D:1      | Reached XP level 1. HP: 18/18 MP: 1/1
   154 | D:1      | Reached XP level 2. HP: 23/24 MP: 2/2
   428 | D:1      | Reached XP level 3. HP: 28/29 MP: 3/3
   604 | D:1      | Found a faded altar of an unknown god.
  1216 | D:2      | Reached skill level 3 in Axes
  1513 | D:2      | Reached XP level 4. HP: 35/36 MP: 4/4
  1516 | D:2      | Identified a scroll of acquirement
  1516 | D:2      | Acquired a +1 pair of boots of rampaging
  1528 | D:2      | Noticed Sigmund
  1546 | D:2      | Killed Sigmund
  1547 | D:2      | Reached skill level 4 in Axes
  1547 | D:2      | Reached XP level 5. HP: 25/42 MP: 5/5
  1547 | D:2      | Reached XP level 6. HP: 28/48 MP: 6/6
  2130 | D:3      | Reached skill level 5 in Axes
  2139 | D:3      | HP: 2/48 [gnoll (7)]
  2150 | D:3      | Slain by a gnoll

Illustrated notes

Levels and vault maps discovered:
D:1:      saegor_arrival_simple_d, layout_basic,
          hellmonk_ecumenical_altar_blasted
D:2:      layout_basic, uniq_sigmund
D:3:      layout_rooms

Skill      XL: |  1  2  3  4  5  6 |
---------------+-------------------+-----
Axes           | 3 4 5 |  5.1
Armour         | 4 |  4.1
Fighting       | |  3.9
Dodging        | |  0.4
Stealth        | |  0.9
Shields        | |  3.6

Action                   |  1- 3 |  4- 6 || total
-------------------------+-------+-------++-------
Melee: War axe           |    88 |    34 ||   122
Throw: Dart              |       |     1 ||     1
 Abil: Dig               |     4 |     2 ||     6
Evoke: Wand              |       |     3 ||     3
  Use: Scroll            |     2 |     1 ||     3
       Potion            |       |     1 ||     1
Armor: Scale mail        |    26 |    15 ||    41
Dodge: Dodged            |    43 |    30 ||    73
Block: Buckler           |    20 |     5 ||    25

Table legend: (Time is in decaauts)
 A = Elapsed time spent in this place.
 B = Non-inter-level travel time spent in this place.
 C = Inter-level travel time spent in this place.
 D = Time resting spent in this place.
 E = Time spent auto-exploring this place.
 F = Levels seen in this place.
 G = Mean time per level.
                   A        B        C        D        E       F      G
               +--------+--------+--------+--------+--------+-----+--------+
         Total |   2195 |   2105 |     90 |    401 |   1318 |   3 |  731.7 |
       Dungeon |   2195 |   2105 |     90 |    401 |   1318 |   3 |  731.7 |
               +--------+--------+--------+--------+--------+-----+--------+

Top non-repeatable levels by time:
     D:1: 1239 daAuts
     D:2: 836 daAuts
     D:3: 118 daAuts
